 Dungeon Crawl Stone Soup version 0.19.0-2-gae57169 (webtiles) character file.

23 vev the Grave Robber (level 3, 0/20 HPs)
             Began as a Tengu Necromancer on Nov 6, 2016.
             Slain by a leopard gecko (2 damage)
             ... on level 1 of the Dungeon.
             The game lasted 00:01:48 (642 turns).

vev the Grave Robber (Tengu Necromancer)             Turns: 642, Time: 00:01:49

Health: 0/20       AC:  3    Str:  9    XL:     3   Next: 0%
Magic:  7/7        EV: 12    Int: 15    God:
Gold:   63         SH:  0    Dex: 14    Spells: 1 memorised, 5 levels left

rFire  . . .     SeeInvis .     g - +0 dagger (elec)
rCold  . . .     Gourm    .     e - +0 leather armour
rNeg   . . .     Faith    .     (no shield)
rPois  .         Spirit   .     (helmet restricted)
rElec  .         Reflect  .     (no cloak)
rCorr  .         Harm     .     (no gloves)
MR     .....                    (boots unavailable)
Stlth  ++........               (no amulet)
                                (no ring)
                                (no ring)

@: no status effects
A: beak, talons 3
a: no special abilities


You were on level 1 of the Dungeon.
You were not hungry.

You visited 1 branch of the dungeon, and saw 1 of its levels.

You collected 63 gold pieces.

Inventory:

Hand Weapons
 f - a +0 mace of draining
 g - a +0 dagger of electrocution (weapon)
Armour
 a - a +0 robe
 e - a +0 leather armour (worn)
Scrolls
 h - a scroll of blinking {unknown}
 i - a scroll of noise {unknown}
 l - a scroll of amnesia {unknown}
Potions
 j - a potion of mutation {unknown}
 k - a potion of curing {unknown}
Books
 b - a book of Necromancy

   Spells                             Type                      Level
   a - Pain                           Necromancy                   1
   b - Animate Skeleton               Necromancy                   1
   c - Vampiric Draining              Necromancy                   3
   d - Regeneration                   Charms/Necromancy            3
   e - Animate Dead                   Necromancy                   4
   f - Control Undead                 Necromancy                   4
Comestibles
 c - a bread ration
 d - 2 chunks of flesh


   Skills:
 + Level 1.1 Fighting
 - Level 1.2 Maces & Flails
 + Level 2.6 Dodging
 - Level 2.0 Stealth
 - Level 2.0 Spellcasting
 - Level 4.4 Necromancy


You had 5 spell levels left.
You knew the following spells:

 Your Spells              Type           Power        Failure   Level  Hunger
a - Pain                  Necr           ##..         8%          1    #......


Dungeon Overview and Level Annotations

Branches:
Dungeon (1/15)

Altars:


Innate Abilities, Weirdness & Mutations

You have a beak for a mouth.
You have claws for feet.


Message History

The dart slug bites you but does no damage.
You hit the dart slug but do no damage. You claw the dart slug.
You kill the dart slug!
You have reached level 3!
Your experience leads to an increase in your attributes!
Increase (S)trength, (I)ntelligence, or (D)exterity?
You feel stronger. The leopard gecko bites you.
* * * LOW HITPOINT WARNING * * *
The leopard gecko hisses menacingly.
The leopard gecko completely misses you.
The leopard gecko misses you.
A kobold comes into view. It is wielding a dagger.
You see here 17 poisoned needles.
The leopard gecko bites you.
* * * LOW HITPOINT WARNING * * *
You completely miss the leopard gecko. You claw the leopard gecko.
The leopard gecko is moderately wounded.
The leopard gecko bites you.
You die...

#.# . #... #.#.# # #.K.
####.#.#######.##.######
.....†....$............##########
.....############................
.?...............(..##..#########
........###########.###^## #..
...)....###########.###..######.#
................@l...>..........#
........##..........####...######
##########..........#####..## #
#.............##...#####
#.......................
#######.......###...####
#....[..###.#.#
#.............####
#.......####.....#


You could see a leopard gecko.

Vanquished Creatures
  An ooze (D:1)
  A dart slug (D:1)
  4 goblins (D:1)
  3 hobgoblins (D:1)
  2 bats (D:1)
  4 kobolds (D:1)
  3 rats (D:1)
18 creatures vanquished.

Notes
Turn   | Place    | Note
-------+----------+-------------------------------------------
     0 | D:1      | vev the Tengu Necromancer began the quest for the Orb.
     0 | D:1      | Reached XP level 1. HP: 10/10 MP: 4/4
   188 | D:1      | Reached XP level 2. HP: 8/16 MP: 1/6
   370 | D:1      | Reached skill level 1 in Maces & Flails
   555 | D:1      | Reached skill level 1 in Fighting
   622 | D:1      | Reached XP level 3. HP: 7/20 MP: 7/7
   639 | D:1      | HP: 1/20 [leopard gecko (4)]
   642 | D:1      | Slain by a leopard gecko

Skill      XL: |  1  2 |
---------------+-------+-----
Maces & Flails | 1 |  1.2
Fighting       | 1 |  1.1
Dodging        | |  2.6
Stealth        | |  2.0
Spellcasting   | |  2.0
Necromancy     | |  4.4

Action                   || total
-------------------------++-------
Melee: Mace              ||    16
       Dagger            ||    20
       Kick              ||     9
       Peck              ||     1
 Cast: Pain              ||     6
Armor: Leather armour    ||     8
Dodge: Dodged            ||    32
